 Dungeon Crawl Stone Soup version 0.27.1 (webtiles) character file.

Game seed: 240138493997866172

163 nxtlvl the Chopper (level 5, 0/45 HPs)
             Began as a Draconian Berserker on Sept 5, 2021.
             Was a Believer of Trog.
             Succumbed to an adder's poison
             ... on level 4 of the Dungeon.
             The game lasted 00:05:22 (530 turns).

nxtlvl the Chopper (Draconian Berserker)             Turns: 530, Time: 00:05:23

Health: 0/45       AC:  5    Str: 20    XL:     5   Next: 20%
Magic:  5/5        EV: 12    Int:  7    God:    Trog [**....]
Gold:   63         SH:  0    Dex: 11    Spells: 4/4 levels left

rFire    . . .     SeeInvis .   a - +0 hand axe
rCold    . . .     Faith    .   (no shield)
rNeg     . . .     Spirit   .   (armour unavailable)
rPois    .         Reflect  .   (helmet restricted)
rElec    .         Harm     .   (no cloak)
rCorr    .         Rampage  .   (no gloves)
Will     .....                  (no boots)
Stlth    +.........             (no amulet)
HPRegen  0.00/turn              (no ring)
MPRegen  0.09/turn              (no ring)

@: lethally poisoned (0 -> -12), attractive, inhibited regen
A: AC +5, unfitting armour, cold-blooded, inhibited regeneration, no potion heal
1
a: Renounce Religion, Berserk, Trog's Hand


You were on level 4 of the Dungeon.
You worshipped Trog.
Trog was pleased with you.
You visited 1 branch of the dungeon, and saw 5 of its levels.

You collected 63 gold pieces.

Inventory:

Hand Weapons
 a - a +0 hand axe (weapon)
Missiles
 c - 35 bolts
 e - 16 poisoned darts (quivered)
Wands
 k - a wand of flame (22)
Scrolls
 b - a scroll of amnesia {unknown}
 d - a scroll of identify {unknown}
 g - a scroll of immolation
 l - a scroll of magic mapping {unknown}
Potions
 i - a potion of haste {unknown}
 j - a potion of curing {unknown}


   Skills:
 + Level 3.2 Fighting
 * Level 6.0 Axes
 + Level 2.6 Dodging


You had 4 spell levels left.
You didn't know any spells.
Your spell library was empty.

Dungeon Overview and Level Annotations

Branches:
Dungeon (5/15)
 Temple: D:4-7

Altars:
Cheibriados


Innate Abilities, Weirdness & Mutations

Your plain brown scales are hard. (AC +5)
You cannot fit into any form of body armour.
You are cold-blooded and may be slowed by cold attacks.
You do not regenerate when monsters are visible.
Potions are less effective at restoring your health.


Message History

The adder is moderately wounded.
You feel sick. The adder closely misses you.
You barely miss the adder.
The adder is moderately wounded.
You feel sick. The adder bites you.
You are more poisoned.
The adder poisons you!
You miss the adder.
Your tail-slap misses the adder.
The adder is moderately wounded.
You feel sick. The adder barely misses you. The adder closely misses you.
You barely miss the adder.
Your tail-slap misses the adder.
The adder is moderately wounded.
You feel sick. The adder bites you but does no damage.
You closely miss the adder.
The adder is moderately wounded.
You feel sick. The adder bites you.
You are more poisoned.
The adder poisons you!
You hit the adder.
The adder is severely wounded.
* * * LOW HITPOINT WARNING * * *
You feel very sick. The adder bites you.
* * * LOW HITPOINT WARNING * * *
It was a potion of attraction.
You feel attractive to monsters.
* * * LOW HITPOINT WARNING * * *
You feel sick. The adder barely misses you. The adder bites you.
* * * LOW HITPOINT WARNING * * *
You are more poisoned.
The adder poisons you!
It was a potion of mutation.
You feel extremely strange.
Your regeneration stops near monsters.
Your system partially rejects the healing effects of potions.
* * * LOW HITPOINT WARNING * * *
You feel very sick. The adder bites you but does no damage.
You miss the adder.
Your tail-slap misses the adder.
The adder is severely wounded.
You die...

###########
#.........#
#######.........#
#............)..#
#.####...########
#.###..###
###.#......
##..@......#
##.....#S..#####
..........[....
............(##
.......#)#####
.#.#..##>#
......##.#
...#...#.##
..........#


You could see an adder.

Vanquished Creatures
  Natasha (D:2)
  2 hound skeletons (D:4)
  2 adders
  4 gnolls (D:4)
  2 dart slugs (D:1)
  4 endoplasms
  A giant cockroach (D:4)
  5 goblins (D:1)
  3 hobgoblins (D:1)
  7 jackals
  3 kobolds
  2 quokkas
  7 ball pythons
  3 bats
  3 frilled lizards (D:1)
  2 rats
51 creatures vanquished.

Notes
Turn   | Place    | Note
-------+----------+-------------------------------------------
     0 | D:1      | nxtlvl the Draconian Berserker began the quest for the Orb.
     0 | D:1      | Reached XP level 1. HP: 19/19 MP: 1/1
    62 | D:1      | Reached XP level 2. HP: 26/26 MP: 2/2
   103 | D:1      | Found a faded altar of an unknown god.
   129 | D:1      | Reached skill level 4 in Axes
   135 | D:1      | Reached ** piety under Trog
   136 | D:1      | Reached XP level 3. HP: 31/31 MP: 3/3
   168 | D:2      | Noticed Natasha
   187 | D:2      | Killed Natasha
   295 | D:3      | Found a snail-covered altar of Cheibriados.
   332 | D:3      | Reached skill level 5 in Axes
   332 | D:3      | Reached XP level 4. HP: 36/38 MP: 4/4
   433 | D:4      | Reached XP level 5. HP: 30/45 MP: 5/5
   445 | D:5      | Entered Level 5 of the Dungeon
   460 | D:4      | Noticed a black bear
   484 | D:4      | Reached skill level 6 in Axes
   529 | D:4      | Gained mutation: You do not regenerate when monsters are
                  | visible. [potion of mutation]
   529 | D:4      | Gained mutation: Potions are less effective at restoring
                  | your health. [potion of mutation]
   529 | D:4      | HP: 2/45 [poisoned by an adder]
   530 | D:4      | Succumbed to an adder's poison

Illustrated notes

Levels and vault maps discovered:
D:1:      dpeg_arrival_rooms_c, layout_rooms, hellmonk_ecumenical_altar_lost_god
D:2:      layout_basic, uniq_natasha
D:3:      layout_loops_cross, old_standard_altar
D:4:      layout_rooms, nzn_hepliaklqana_mist_gate, minmay_temple_entry_glass
D:5:      layout_basic

Skill      XL: |  1  2  3  4  5 |
---------------+----------------+-----
Axes           | 4 5 6 |  6.0
Fighting       | |  3.2
Dodging        | |  2.6

Action                   |  1- 3 |  4- 6 || total
-------------------------+-------+-------++-------
Melee: Hand axe          |    59 |    52 ||   111
       Tailslap          |     8 |     3 ||    11
Invok: Berserk           |     2 |     2 ||     4
  Use: Scroll            |       |     2 ||     2
       Potion            |       |     2 ||     2
 Stab: Sleeping          |     1 |       ||     1
Armor: Skin              |    17 |    12 ||    29
Dodge: Dodged            |    37 |    41 ||    78
